 Dungeon Crawl Stone Soup version 0.28-b1-1-g3c77fb2ed1 (webtiles) character file.

Game seed: 16099578436753124219

12965 Kaptain the Covert (level 12, -2/80 HPs)
             Began as an Octopode Earth Elementalist on Jan 27, 2022.
             Killed from afar by an electric eel (11 damage)
             ... with a bolt of electricity
             ... on level 11 of the Dungeon.
             The game lasted 00:55:41 (16940 turns).

Kaptain the Covert (Octopode Earth Elementalist)   Turns: 16940, Time: 00:55:41

Health: -2/80      AC:  3    Str:  7    XL:     12   Next: 1%
Magic:  9/24       EV: 15    Int: 22    God:
Gold:   1094       SH:  5    Dex: 13    Spells: 20/28 levels left

rFire   + . .      SeeInvis +   D - +3 dagger (protect)
rCold   + + .      Faith    .   (no shield)
rNeg    + . .      Spirit   .   (helmet restricted)
rPois   .          Reflect  +   x - amulet "Adoyt" {Reflect rF+ Will+ SH+5}
rElec   .          Harm     .   m - ring of positive energy
rCorr   +          Rampage  .   s - ring of protection from cold
Will    +....                   C - ring of protection from cold
Stlth   ++++++....              H - +4 ring of slaying
HPRegen 0.23/turn               q - ring of resist corrosion
MPRegen 0.19/turn               (no ring)
                                (no ring)
                                (no ring)

@: no status effects
A: almost no armour, amphibious, 8 rings, camouflage 1, gelatinous body 1,
(nimble swimmer 1), tentacles, iridescent scales 1, see invisible
a: no special abilities


You were on level 11 of the Dungeon.
You visited 3 branches of the dungeon, and saw 13 of its levels.
You also visited: Bailey.

You collected 1094 gold pieces.

Inventory:

Hand Weapons
 e - a +0 trident of freezing
 f - a +1 war axe of flaming
 h - a +4 scimitar
 i - a +3 battleaxe of freezing
 r - a +2 halberd of flaming
 y - a +5 dire flail
 D - a +3 dagger of protection (weapon)
 K - the +4 whip of the Seeker {drain, *Corrode rN+ Will+ Str+5}
   (You found it in a bailey)

   A truly terrible weapon, it drains the life of any living foe it strikes.
   Str:       It affects your strength (+5).
   rN:        It protects you from negative energy.
   *Corrode:  It may corrode you when you take damage.
   Will:      It increases your willpower.
Missiles
 a - 37 stones
 o - 9 atropa-tipped darts
Magical Staves
 J - a staff of cold
Jewellery
 m - a ring of positive energy (left tentacle)
 q - a ring of resist corrosion (on tentacle)
 s - a ring of protection from cold (right tentacle)
 t - a ring of ice
 w - an amulet of magic regeneration
 x - the amulet "Adoyt" (around mantle) {Reflect rF+ Will+ SH+5}
   (You found it on level 5 of the Dungeon)

   [amulet of reflection]

   It reflects blocked missile attacks.
   rF:        It protects you from fire.
   SH:        It affects your SH (+5).
   Will:      It increases your willpower.
 C - a ring of protection from cold (on tentacle)
 H - a +4 ring of slaying (on tentacle)
 I - an amulet of regeneration
Wands
 v - a wand of flame (8)
Scrolls
 b - 3 scrolls of immolation
 c - 5 scrolls of teleportation
 g - a scroll of enchant weapon
 F - 2 scrolls of amnesia
Potions
 d - 4 potions of curing
 j - 2 potions of haste
 k - 6 potions of flight
 l - a potion of cancellation
 n - 2 potions of brilliance
 p - 2 potions of might
 z - 2 potions of heal wounds


   Skills:
 * Level 6.4 Fighting
 + Level 6.9 Dodging
 + Level 12.6 Stealth
 * Level 8.9 Spellcasting
 * Level 4.6 Conjurations
 - Level 1.4 Transmutations
 * Level 9.9 Earth Magic


You had 20 spell levels left.
You knew the following spells:

 Your Spells              Type           Power      Damage    Failure   Level
a - Sandblast             Erth           100%       2d20      1%          1
b - Stone Arrow           Conj/Erth      82%        3d12      1%          3
c - Sticky Flame          Conj/Fire      19%        2d4       26%         4

Your spell library contained the following spells:

 Spells                   Type           Power      Damage    Failure   Level
 Passwall                 Tmut/Erth      28%        N/A       1%          2
 Pain                     Necr           36%        1d5       7%          1
 Petrify                  Tmut/Erth      34%        N/A       7%          4
 Corpse Rot               Necr/Air       18%        N/A       11%         2
 Poisonous Vapours        Pois/Air       18%        N/A       11%         2
 Scorch                   Fire           18%        2d6       11%         2
 Gell's Gravitas          Tloc           9%         N/A       21%         3
 Ozocubu's Armour         Ice            9%         N/A       21%         3
 Teleport Other           Tloc           9%         N/A       21%         3
 Tukima's Dance           Hex            9%         N/A       21%         3
 Fulminant Prism          Conj/Hex       9%         3d7       26%         4
 Anguish                  Hex/Necr       4%         N/A       56%         4
 Olgreb's Toxic Radiance  Pois           9%         N/A       56%         4
 Agony                    Necr           9%         N/A       88%         5
 Excruciating Wounds      Necr           4%         N/A       88%         5
 Metabolic Englaciation   Hex/Ice        4%         N/A       88%         5
 Conjure Ball Lightning   Conj/Air       9%         3x3d6     99%         6
 Starburst                Conj/Fire      9%         6d5       99%         6
 Dispersal                Tloc           4%         N/A       100%        6
 Simulacrum               Ice/Necr       4%         N/A       100%        6
 Enfeeble                 Hex            4%         N/A       100%        7


Dungeon Overview and Level Annotations

Branches:
Dungeon (11/15)            Temple (1/1) D:4            Lair (0/6) D:11
    Orc (1/2) D:10         Bailey (visited)

Altars:
Ashenzari
Cheibriados
Dithmenos
Elyvilon
Fedhas
Gozag
Hepliaklqana
Kikubaaqudgha
Makhleb
Nemelex Xobeh
Okawaru
Qazlal
Ru
Sif Muna
Trog
Uskayaw
Vehumet
Wu Jian
Xom
Yredelemnul
Zin
The Shining One

Annotations:
Orc:1 Sonja


Innate Abilities, Weirdness & Mutations

You cannot wear most types of armour.
You are amphibious.
You can wear up to eight rings at the same time.
Your skin changes colour to match your surroundings (Stealth+).
Your rubbery body absorbs attacks. (AC +1, EV +1)
((You are camouflaged when in or above water. (Stealth+)))
You have tentacles for arms and can constrict up to eight enemies at once.
You are partially covered in iridescent scales. (AC +2)
You have supernaturally acute eyesight. (SInv)


Message History

You have reached level 12!
Casting: Stone Arrow (safe; 1% risk of failure)
Confirm with . or Enter, or press ? or * to list all spells.
Aiming: Stone Arrow (safe; 1% risk of failure)
Press: ? - help, Shift-Dir - straight line, f - you
Okay, then.
The electric eel shoots out a bolt of lightning at you!
The bolt of electricity hits you!
Casting: Stone Arrow (safe; 1% risk of failure)
Confirm with . or Enter, or press ? or * to list all spells.
Aiming: Stone Arrow (safe; 1% risk of failure)
Press: ? - help, Shift-Dir - straight line, f - electric eel
Aim: an electric eel (60% to hit)
The stone arrow hits the electric eel!
The electric eel is almost dead.
The electric eel shoots out a bolt of lightning at you!
The bolt of electricity hits you!
Casting: Stone Arrow (safe; 1% risk of failure)
Confirm with . or Enter, or press ? or * to list all spells.
Aiming: Stone Arrow (safe; 1% risk of failure)
Press: ? - help, Shift-Dir - straight line, f/p - electric eel
Aim: an electric eel (almost dead, 60% to hit)
The stone arrow misses the electric eel.
The electric eel shoots out a bolt of lightning at you!
The bolt of electricity hits you!
* * * LOW HITPOINT WARNING * * *
The electric eel shoots out a bolt of lightning at you!
The bolt of electricity hits you!
* * * LOW HITPOINT WARNING * * *
Unknown command.
Casting: Stone Arrow (safe; 1% risk of failure)
Confirm with . or Enter, or press ? or * to list all spells.
Aiming: Stone Arrow (safe; 1% risk of failure)
Press: ? - help, Shift-Dir - straight line, f/p - electric eel
Aim: an electric eel (almost dead, 60% to hit)
The stone arrow hits the electric eel!
You kill the electric eel!
The electric eel shoots out a bolt of lightning at you!
The bolt of electricity hits you!
You die...

#.......# #..........#
#.......# ######'#####
###'##### ####.# #..# ##....#
####.#### #..#### ####
#.......# ##.######### #...
#.......# #..........# #...
#.o.....######..........# #...
#.......#.....@.........####...
#.........####..........#..'...
#...o.....................##...
####.#......≈.≈....≈....####...
#o#.≈..≈.≈.≈...≈....># #...
#...≈....≈≈.S.≈≈..#### ####
##<.≈≈≈≈≈.≈≈≈≈≈.≈.#
#'...≈≈≈≈≈≈≈≈≈≈... ###
.....≈≈≈≈≈≈≈≈≈≈≈≈.. #..


You could see an electric eel.

Vanquished Creatures
  A two-headed ogre (D:10)
  Maggie (D:6)
  3 trolls
  Prince Ribbit (D:5)
  Sigmund (D:2)
  2 wyverns
  Eustachio (D:6)
  20 yaks
  Menkaure (D:5)
  2 water moccasins
  6 orc warriors
  A swamp drake (D:10)
  An ice beast (D:7)
  A hornet zombie (D:6)
  2 black bears
  2 sky beasts
  A necrophage (D:10)
  4 ogres
  11 wolves
  2 centaurs
  3 phantoms
  A kobold brigand (D:8)
  A bullfrog (D:9)
  2 water moccasin zombies
  9 gnoll sergeants
  5 scorpions
  6 wights
  A howler monkey (D:5)
  2 electric eels (D:11)
  8 centaur zombies
  8 hounds
  2 jellies (D:5)
  2 centaur skeletons (D:5)
  7 orc priests
  5 iguanas
  7 gnoll shamans
  16 orc wizards
  A scorpion zombie (D:5)
  A mummy (D:10)
  20 gnolls
  10 adders
  A white imp (D:6)
  An ufetubus (D:6)
  An adder skeleton (D:4)
  4 dart slugs
  36 orcs
  6 ball pythons
  10 endoplasms
  5 giant cockroaches
  5 goblins
  10 hobgoblins
  6 jackals
  14 kobolds
  6 quokkas
  8 bats
  3 frilled lizards
  3 rats
300 creatures vanquished.

Vanquished Creatures (others)
  2 plants (D:4)
2 creatures vanquished.

Grand Total: 302 creatures vanquished

Notes
Turn   | Place    | Note
-------+----------+-------------------------------------------
     0 | D:1      | Kaptain the Octopode Earth Elementalist began the quest for
                  | the Orb.
     0 | D:1      | Reached XP level 1. HP: 11/11 MP: 3/3
   365 | D:1      | Got the Incunabulum of Cankerous Arcane Weapons
   452 | D:1      | Reached XP level 2. HP: 17/17 MP: 3/5
   485 | D:1      | Reached skill level 3 in Stealth
   883 | D:1      | Reached XP level 3. HP: 15/21 MP: 4/6
  1651 | D:2      | Noticed Sigmund
  1810 | D:2      | Learned a level 3 spell: Stone Arrow
  1997 | D:2      | Reached XP level 4. HP: 22/27 MP: 4/7
  2123 | D:2      | Killed Sigmund
  2124 | D:2      | Reached skill level 1 in Fighting
  2124 | D:2      | Reached skill level 4 in Stealth
  2124 | D:2      | Reached XP level 5. HP: 19/33 MP: 0/9
  2389 | D:3      | Reached XP level 6. HP: 38/38 MP: 8/10
  2434 | D:3      | Identified the +2 robe of Hedging {rPois Int+3}
  2506 | D:3      | Reached skill level 5 in Stealth
  3424 | D:3      | Found a basalt altar of Yredelemnul.
  3826 | D:4      | Reached XP level 7. HP: 31/44 MP: 8/12
  3925 | D:4      | Found a blossoming altar of Fedhas.
  4212 | D:4      | Found a staircase to the Ecumenical Temple.
  4262 | Temple   | Entered the Ecumenical Temple
  4855 | D:4      | Reached skill level 6 in Stealth
  5260 | D:4      | Reached skill level 5 in Earth Magic
  5384 | D:5      | Entered Level 5 of the Dungeon
  5615 | D:5      | Reached XP level 8. HP: 51/51 MP: 7/14
  5741 | D:5      | Reached skill level 7 in Stealth
  6223 | D:5      | Noticed Menkaure
  6231 | D:5      | Killed Menkaure
  6562 | D:5      | Noticed Prince Ribbit
  6570 | D:5      | Killed Prince Ribbit
  6571 | D:5      | Reached skill level 8 in Stealth
  6571 | D:5      | Reached skill level 5 in Spellcasting
  6767 | D:5      | Reached XP level 9. HP: 57/57 MP: 10/17
  6922 | D:5      | Identified the amulet "Adoyt" {Reflect rF+ Will+ SH+5}
  7100 | D:6      | Noticed Eustachio
  7198 | D:6      | Killed Eustachio
  7199 | D:6      | Reached skill level 9 in Stealth
  7295 | D:6      | Noticed Maggie
  7488 | D:6      | Killed Maggie
  7776 | D:6      | Found a glowing silver altar of Zin.
  7778 | D:6      | Found a glowing golden altar of the Shining One.
  8012 | D:6      | Reached skill level 5 in Dodging
  8413 | D:7      | Found a radiant altar of Vehumet.
  8419 | D:7      | Found an ancient bone altar of Kikubaaqudgha.
  8424 | D:7      | Found a shimmering blue altar of Sif Muna.
  8428 | D:7      | Got Kikubaaqudgha's Almanac of the Pink Corner
  8588 | D:7      | Reached skill level 10 in Stealth
  8916 | D:7      | Reached XP level 10. HP: 65/65 MP: 15/19
  9596 | D:8      | Found an iron altar of Okawaru.
  9776 | D:8      | Identified the +0 leather armour "Zarop" {rF- rC+ Int+3
                  | Dex+4}
  9866 | D:8      | Found a snail-covered altar of Cheibriados.
 10145 | D:8      | Found a shadowy altar of Dithmenos.
 10544 | D:8      | Reached skill level 11 in Stealth
 10924 | D:9      | Noticed a two-headed ogre
 11027 | D:9      | Reached skill level 5 in Fighting
 12312 | D:9      | Found a stormy altar of Qazlal.
 12463 | D:9      | Reached skill level 1 in Conjurations
 12467 | D:9      | Reached XP level 11. HP: 29/72 MP: 13/22
 12765 | D:10     | Entered Level 10 of the Dungeon
 12872 | D:10     | Noticed a two-headed ogre
 12892 | D:10     | Found a flagged portal.
 12898 | Bailey   | Entered a bailey
 13155 | Bailey   | Reached skill level 12 in Stealth
 14233 | Bailey   | Got Zekk's Almanac of Igneous Attacks
 14265 | Bailey   | Identified the +4 whip of the Seeker {drain, *Corrode rN+
                  | Will+ Str+5}
 14276 | Bailey   | Learned a level 4 spell: Sticky Flame
 14313 | Bailey   | Gained mutation: You are partially covered in iridescent
                  | scales. (AC +2) [potion of mutation]
 14313 | Bailey   | Gained mutation: You have supernaturally acute eyesight.
                  | (SInv) [potion of mutation]
 14587 | D:10     | Killed a two-headed ogre
 14861 | D:10     | Found an opulent altar of Gozag.
 15226 | D:10     | Found a staircase to the Orcish Mines.
 16118 | D:10     | Found a hazy altar of Hepliaklqana.
 16258 | Orc:1    | Entered Level 1 of the Orcish Mines
 16258 | Orc:1    | Noticed Sonja
 16316 | D:11     | Found a white marble altar of Elyvilon.
 16355 | D:11     | Noticed a boulder beetle
 16408 | D:11     | Found a staircase to the Lair.
 16934 | D:11     | Reached XP level 12. HP: 61/80 MP: 17/24
 16940 | D:11     | Killed from afar by an electric eel

Illustrated notes

Levels and vault maps discovered:
D:1:      ebering_trefoil_twist, layout_basic, serial_co_window_serial,
          co_window_of_opportunity_a, co_window_corner_a,
          co_window_of_opportunity_a, co_window_paths_a, co_window_paths_a,
          co_window_of_opportunity_a, co_window_paths_a,
          co_window_of_opportunity_a, co_window_corner_a, co_window_paths_c,
          co_window_corner_b, co_window_cross_3, co_window_cross_2,
          co_window_paths_c, co_window_paths_d, glass_columns_a
D:2:      layout_rooms, kennysheep_potato, uniq_sigmund
D:3:      layout_loops_cross, mainiacjoe_overflow_small_starburst
D:4:      layout_basic, fedhas_ov_isle_minmay, minmay_temple_entry_hall
D:5:      minmay_clustersquares, layout_cave_pools, grunt_decor_resistance,
          uniq_prince_ribbit1, uniq_menkaure
D:6:      layout_gridville, mainiacjoe_overflow_catwalk_spiral, uniq_maggie,
          uniq_eustachio
D:7:      layout_rooms, grunt_temple_overflow_magic_moments
D:8:      layout_cave_pools, mainiacjoe_overflow_catwalk,
          grunt_dithmenos_shadows, old_standard_altar
D:9:      layout_rooms, grunt_qazlal_sundering
D:10:     layout_irregular_city, amcnicky_altar_gilded,
          lemuel_coloured_pillars_altar, erik_orc_1, enter_bailey_2,
          serial_undead, serial_undead_a, serial_undead_c, serial_undead_f,
          serial_undead_f, kennysheep_doodads
D:11:     layout_roguey, erik_lair_island, portal_ice_cave_demonic_guard,
          elyvilon_altar_5
Temple:   dpeg_three_leaves_temple
Orc:1:    layout_caves, uniq_sonja

Skill      XL: |  1  2  3  4  5  6  7  8  9 10 11 |
---------------+----------------------------------+-----
Stealth        | 3 4 5 6 8 10 11 12 | 12.6
Fighting       | 1 2 3 4 5 6 |  6.4
Spellcasting   | 3 4 5 6 7 8 |  8.9
Earth Magic    | 4 5 6 7 8 9 |  9.9
Dodging        | 3 4 5 6 |  6.9
Conjurations   | 1 4 |  4.6
Transmutations | |  1.4

Action                   |  1- 3 |  4- 6 |  7- 9 | 10-12 || total
-------------------------+-------+-------+-------+-------++-------
Melee: Unarmed           |     2 |       |       |       ||     2
       Tentacles         |     6 |     3 |     8 |    18 ||    35
       Constrict         |     4 |     6 |     8 |     3 ||    21
       Short sword       |    25 |       |       |       ||    25
       Punch             |     1 |       |       |       ||     1
       Scythe            |       |    37 |    19 |       ||    56
       Hand axe          |       |       |     4 |       ||     4
       War axe           |       |       |    13 |       ||    13
       Dagger            |       |       |    16 |    57 ||    73
       Halberd           |       |       |     4 |       ||     4
 Cast: Sandblast         |    37 |    38 |    38 |   111 ||   224
       Stone Arrow       |       |       |   105 |   198 ||   303
Evoke: Wand              |       |       |     2 |       ||     2
  Use: Scroll            |       |       |     9 |     8 ||    17
       Potion            |       |       |     3 |     9 ||    12
 Stab: Sleeping          |    11 |     8 |     7 |     1 ||    27
Armor: Skin              |     4 |     4 |     9 |    22 ||    39
Dodge: Dodged            |    13 |    36 |    56 |   106 ||   211
Block: Other             |       |       |     4 |    42 ||    46
       Reflection        |       |       |       |     1 ||     1
